 Dungeon Crawl Stone Soup version 0.27.1-3-gb3d3a73c9e (webtiles) character file.

Game seed: 6813132797442242346

375 jlumianski the Insei (level 6, -2/41 HPs)
             Began as an Octopode Transmuter on Oct 22, 2021.
             Killed from afar by Sigmund (12 damage)
             ... with a puff of flame
             ... on level 4 of the Dungeon.
             The game lasted 00:23:13 (3748 turns).

jlumianski the Insei (Octopode Transmuter)          Turns: 3748, Time: 00:23:13

Health: -2/41      AC:  5    Str: 10    XL:     6   Next: 72%
Magic:  19/19      EV: 13    Int: 19    God:
Gold:   176        SH:  0    Dex: 12    Spells: 8/11 levels left

rFire    . . .     SeeInvis +     - Unarmed
rCold    + + .     Faith    .   (no shield)
rNeg     . . .     Spirit   .   (helmet currently unavailable)
rPois    .         Reflect  .   j - amulet of magic regeneration
rElec    .         Harm     .   c - +4 ring of protection
rCorr    .         Rampage  .   f - ring of see invisible
Will     .....                  k - ring of magical power
Stlth    ++........             m - ring of protection from cold
HPRegen  0.13/turn              u - ring of wizardry
MPRegen  0.41/turn              (no ring)
                                (no ring)
                                (no ring)

@: confused, appendages (expiring)
A: tentacle spike 3, almost no armour, amphibious, 8 rings, camouflage 1,
gelatinous body 1, (nimble swimmer 1), tentacles, antennae 1, clever 1, cold
resistance 1, robust 1
a: End Transformation


You were on level 4 of the Dungeon.
One of your tentacles had grown a beastly spike.
You visited 1 branch of the dungeon, and saw 4 of its levels.

You collected 176 gold pieces.

Inventory:

Hand Weapons
 e - a +0 hunting sling
 o - a +1 morningstar of holy wrath
 q - a +3 dagger
 s - a +1 antimagic dagger
Missiles
 a - 109 stones
 i - 28 poisoned darts (quivered)
Jewellery
 b - a ring of ice
 c - a +4 ring of protection (left tentacle)
 f - a ring of see invisible (right tentacle)
 j - an amulet of magic regeneration (around mantle)
 k - a ring of magical power (on tentacle)
 m - a ring of protection from cold (on tentacle)
 u - a ring of wizardry (on tentacle)
Wands
 l - a wand of iceblast (7)
Scrolls
 h - a scroll of identify
 v - a scroll of noise
Potions
 d - a potion of cancellation
 g - a potion of lignification
 n - a potion of brilliance
 p - a potion of might
 r - a potion of heal wounds
 t - a potion of flight


   Skills:
 + Level 1.1 Fighting
 + Level 0.7(1.1) Slings
 + Level 1.1(1.2) Throwing
 + Level 2.5 Dodging
 + Level 3.1 Stealth
 + Level 4.9 Unarmed Combat
 + Level 3.1 Spellcasting
 + Level 3.4 Transmutations


You had 8 spell levels left.
You knew the following spells:

 Your Spells              Type           Power      Damage    Failure   Level
a - Beastly Appendage     Tmut           32%        N/A       1%          1
b - Wereblood             Tmut           16%        N/A       2%          2

Your spell library contained the following spells:

 Spells                   Type           Power      Damage    Failure   Level
 Freeze                   Ice            12%        1d4       6%          1
 Sandblast                Erth           6%         2d5       6%          1
 Static Discharge         Conj/Air       3%         N/A       9%          2
 Spider Form              Tmut/Pois      4%         N/A       9%          3
 Ice Form                 Ice/Tmut       9%         N/A       28%         4
 Dispel Undead            Necr           3%         3d7       50%         4
 Sticky Flame             Conj/Fire      3%         2d3       50%         4


Dungeon Overview and Level Annotations

Branches:
Dungeon (4/15)
 Temple: D:4-7

Altars:

Annotations:
D:4 Sigmund


Innate Abilities, Weirdness & Mutations

One of your tentacles has grown a beastly spike.
You cannot wear most types of armour.
You are amphibious.
You can wear up to eight rings at the same time.
Your skin changes colour to match your surroundings (Stealth+).
Your rubbery body absorbs attacks. (AC +1, EV +1)
((You are camouflaged near water. (Stealth+)))
You have tentacles for arms and can constrict up to eight enemies at once.
You have a pair of small antennae on your head.
Your mind is acute. (Int +2)
Your flesh is cold resistant. (rC+)
You are robust. (+10% HP)


Message History

You kill the hound!
Sigmund hits you from afar with a +0 scythe!
Sigmund hits you with a +0 scythe.
You see here a hound corpse.
You tentacle-slap Sigmund. Your grab misses Sigmund.
You pierce Sigmund.
You squeeze Sigmund!
Sigmund is heavily wounded.
Your primal bloodlust is almost over.
You tentacle-slap Sigmund. Your grab misses Sigmund.
Sigmund is severely wounded.
Sigmund barely misses you.
You tentacle-slap Sigmund. Your grab misses Sigmund.
Your tentacle spike misses Sigmund.
Sigmund is severely wounded.
You closely miss Sigmund. Your grab misses Sigmund.
Sigmund is severely wounded.
Sigmund gestures at you while chanting. The magic dart hits you!
You tentacle-slap Sigmund. Your grab misses Sigmund.
Your tentacle spike misses Sigmund.
You tentacle-slap Sigmund, but do no damage.
Sigmund is severely wounded.
Sigmund casts a spell at you.
You are confused.
Okay, then.
You tentacle-slap Sigmund. Your squeeze misses Sigmund.
Sigmund is almost dead.
Sigmund barely misses you.
You bump into the rock wall.
Sigmund misses you.
You closely miss Sigmund. Your squeeze misses Sigmund.
Sigmund is almost dead.
Your primal bloodlust has ended.
You bump into the rock wall.
Sigmund hits you with a +0 scythe!
* * * LOW HITPOINT WARNING * * *
You see here a +0 dagger.
You bump into the rock wall.
Your transformation is almost over.
Sigmund gestures at you while chanting. The puff of flame hits you!
You die...

##..)....#O
.....>.....
##......... #
##......... # ..
##......... .## .#
##.#####..# #.## .#
..........## #..#..
########...#
#####.#.##... #
#...# #.@†@w..<....
# #...#
#.###o#.##..≈ ####
#...# #.# #.# #
...#####...####.#
#.#
##..............#
...
............))..#
.##
##.....#######..# .
##.#####^......###.
...# #.#######


You could see Sigmund, a worm and an orc.

Vanquished Creatures
  A scorpion (D:4)
  A water moccasin skeleton (D:4)
  A hound (D:4)
  2 orc wizards
  Terence (D:3)
  A howler monkey skeleton (D:4)
  4 adders
  7 dart slugs
  13 orcs
  7 ball pythons
  9 endoplasms
  2 giant cockroaches
  5 goblins
  3 hobgoblins
  11 jackals (D:1)
  4 quokkas
  5 bats
  A frilled lizard (D:1)
  6 kobolds
  7 rats
91 creatures vanquished.

Notes
Turn   | Place    | Note
-------+----------+-------------------------------------------
     0 | D:1      | jlumianski the Octopode Transmuter began the quest for the
                  | Orb.
     0 | D:1      | Reached XP level 1. HP: 13/13 MP: 3/3
   111 | D:1      | Reached XP level 2. HP: 18/18 MP: 3/5
   414 | D:1      | Reached XP level 3. HP: 23/23 MP: 4/6
   753 | D:1      | Reached skill level 1 in Stealth
  1259 | D:2      | Got Wizardry, Part One
  1263 | D:2      | Learned a level 2 spell: Wereblood
  1624 | D:2      | Reached XP level 4. HP: 28/28 MP: 7/7
  2024 | D:3      | Noticed Terence
  2224 | D:3      | Killed Terence
  2538 | D:3      | Reached XP level 5. HP: 30/33 MP: 8/8
  2593 | D:3      | Reached skill level 4 in Unarmed Combat
  2989 | D:4      | Noticed an ogre
  3293 | D:4      | Reached XP level 6. HP: 29/38 MP: 10/10
  3595 | D:4      | Gained mutation: Your flesh is cold resistant. (rC+)
                  | [potion of mutation]
  3595 | D:4      | Gained mutation: Your mind is acute. (Int +2) [potion of
                  | mutation]
  3595 | D:4      | Gained mutation: You are robust. (+10% HP) [potion of
                  | mutation]
  3595 | D:4      | Gained mutation: You have a pair of small antennae on your
                  | head. [potion of mutation]
  3723 | D:4      | Reached skill level 1 in Throwing
  3726 | D:4      | Noticed Sigmund
  3748 | D:4      | Killed from afar by Sigmund

Illustrated notes

Levels and vault maps discovered:
D:1:      dpeg_arrival_rooms_b, layout_basic, minmay_misc_feat_roman,
          minmay_misc_feat_rows
D:2:      minmay_general_purpose_star, layout_basic, serial_curves,
          eino_curves_01, eino_curves_01, eino_curves_03, eino_curves_04
D:3:      layout_loops_cross, uniq_terence
D:4:      cheibrodos_barr_body, layout_loops_cross, lemuel_round_altar,
          mainiacjoe_overflow_catwalk, corner_web_ring, uniq_sigmund

Skill      XL: |  1  2  3  4  5  6 |
---------------+-------------------+-----
Stealth        | 1 2 3 |  3.1
Unarmed Combat | 4 |  4.9
Transmutations | 3 |  3.4
Spellcasting   | 3 |  3.1
Throwing       | 1 |  1.1
Fighting       | |  1.1
Slings         | |  0.7
Dodging        | |  2.5

Action                   |  1- 3 |  4- 6 || total
-------------------------+-------+-------++-------
Melee: Unarmed           |    77 |   128 ||   205
       Tentacles         |    18 |    14 ||    32
       Kick              |    17 |    29 ||    46
       Constrict         |    17 |    33 ||    50
       Punch             |       |     7 ||     7
 Fire: Hunting sling     |     2 |       ||     2
Throw: Dart              |     1 |    25 ||    26
 Cast: Beastly Appendage |    21 |    20 ||    41
       Wereblood         |     1 |     7 ||     8
  Use: Potion            |     1 |     2 ||     3
       Scroll            |       |     9 ||     9
 Stab: Sleeping          |     6 |    12 ||    18
       Distracted        |     1 |       ||     1
Armor: Skin              |    22 |    23 ||    45
Dodge: Dodged            |    40 |    57 ||    97
